 Dungeon Sprint DCSS version 0.31-a0-339-gda1cbd555d (webtiles) character file.

Game seed: 12144160311219059409

12500000 Monkooky the Axe Maniac (level 27, -11/273 HPs)
             Began as a Ghoul Warper on July 20, 2023.
             Was the Champion of Makhleb.
             Killed by the air
             ... invoked by a tyrant
              (43 damage)
             ... in the Dungeon (Sprint VIII: "Arena of Blood").
             The game lasted 00:05:23 (125 turns).

Monkooky the Axe Maniac (Ghoul Warper)               Turns: 125, Time: 00:05:24

Health: -11/273    AC:  6    Str: 19    XL:     27
Magic:  29/53      EV: 19    Int: 18    God:    Makhleb [******]
Gold:   0          SH:  0    Dex:  8    Spells: 73/80 levels left

rFire   . . .        i - +∞ Axe of Woe
rCold   + . .        (shield currently unavailable)
rNeg    + + +        b - +0 leather armour
rPois   ∞            (no helmet)
rElec   .            (no cloak)
rCorr   .            (no gloves)
SInv    .            (no boots)
Will    ++...        (no amulet)
Stlth   +++++++++    (no ring)
HPRegen 0.00/turn    (no ring)
MPRegen 0.33/turn

%: no teleportation
@: inhibited regen, slowed, very slow
A: claws 1, cold resistance 1, negative energy resistance 3, inhibited
regeneration, torment resistance 2, devour on kill
a: Renounce Religion, Minor Destruction, Lesser Servant of Makhleb, Major
Destruction, Greater Servant of Makhleb


You were in the Dungeon.
You worshipped Makhleb.
Makhleb was exalted by your worship.
You visited 1 branch

Inventory:

Hand Weapons
 a - a +0 hand axe
 i - the +∞ Axe of Woe (weapon)
   (You found it in the Dungeon)
Missiles
 d - 6 boomerangs of dispersal
Armour
 b - a +0 leather armour (worn)
Scrolls
 c - 2 scrolls of blinking
Potions
 e - a potion of curing


   Skills:
 O Level 27 Fighting
 O Level 27 Short Blades
 O Level 27 Long Blades
 O Level 27 Axes
 O Level 27 Maces & Flails
 O Level 27 Polearms
 O Level 27 Staves
 O Level 27 Ranged Weapons
 O Level 27 Throwing
 O Level 27 Armour
 O Level 27 Dodging
 O Level 27 Stealth
 O Level 27 Shields
 O Level 27 Unarmed Combat
 O Level 27 Spellcasting
 O Level 27 Conjurations
 O Level 27 Hexes
 O Level 27 Summonings
 O Level 27 Necromancy
 O Level 27 Translocations
 O Level 27 Transmutations
 O Level 27 Fire Magic
 O Level 27 Ice Magic
 O Level 27 Air Magic
 O Level 27 Earth Magic
 O Level 27 Poison Magic
 O Level 27 Invocations
 O Level 27 Evocations


You had 73 spell levels left.
You knew the following spells:

 Your Spells              Type           Power      Damage    Failure   Level
a - Manifold Assault      Tloc           88%        N/A       0%          4
b - Vhi's Electric Charg  Tloc/Air       100%       N/A       0%          3

Your spell library contained the following spells:

 Spells                   Type           Power      Damage    Failure   Level
 Blink                    Tloc           100%       N/A       0%          2
 Lesser Beckoning         Tloc           100%       N/A       0%          2
 Teleport Other           Tloc           88%        N/A       0%          3


Dungeon Overview and Level Annotations

Branches:
Dungeon (1/1)

Altars:
Makhleb


Innate Abilities, Weirdness & Mutations

You are immune to poison.
You have sharp fingernails.
Your flesh is cold resistant. (rC+)
You are immune to negative energy. (rN+++)
You do not regenerate when monsters are visible.
You are immune to unholy pain and torment.
You thrive by killing the living.


Message History

A destroyer comes into view. It is wielding a +9 heavy great sword.
You hear a roar!
You hear a shout! x3
You slice the bag of meat!! You chop the bag of meat into pieces.
You kill the bag of meat!
Makhleb accepts your kill.
You feel better.
You hit something.
You hew something savagely.
Makhleb accepts your kill.
Reactivating autopickup.
You feel a bit more experienced.
You slash the bag of meat!
You pulverise the bag of meat into a thin bloody mist.
You kill the bag of meat!
Makhleb accepts your kill.
You feel better.
You are engulfed in blazing flames.
You hear a shout! x4
The meat beast bites you. The meat beast tramples you!
You stumble backwards! 2 meat berserkers and a meat beast come into view.
You hear a shout!
The meat berserker rages.
A dread comes into view.
You hear a shout! x2
The tyrant mumbles some strange words.
The tyrant seems to speed up.
The meat beast is engulfed in blazing flames.
The meat beast bites you! The meat beast tramples you!
You stumble backwards!
A bag of meat, a meat berserker, a fleshlord, a meat beast and a tyrant come into view.
The meat berserker moves out of view.
You hear a shout! x2; The meat beast shouts!
You hear a shout! x2
The meat berserker shouts! x2; The fleshlord shouts!
The meat beast shouts!
You slash the meat beast!
You fatally mangle the meat beast.
You kill the meat beast!
Makhleb accepts your kill.
You hear a shout! x6
The meat berserker rages.
You hear a shout!
Deactivating autopickup; reactivate with Ctrl-A.
You convulse!
* * * LOW HITPOINT WARNING * * *
The tyrant waves its bony arms in wide circles.
The air twists around and strikes you!!!
You die...

.L.o... ..
.W.......
#.2..)..# .o #)2.
...# ...###.).
...###.
.p....))###......
#O.....O)_.......
.....#@.)))#....L
... #_)<)_# ...
.....#.§§))#.....
..)..†§o§)).).†...
.))..)X###{..).)..
.)###... §.)###...
. #).. .§V# ..
#.L....)# )X.
...2)


You could see 2 meat beasts, 2 tyrants, a destroyer, a fleshlord, a large
abomination (summoned), a dread, 2 meat berserkers and 3 bags of meat.

Vanquished Creatures
  A hell knight (D)
  8 hell beasts (D)
  Edmund (D)
  7 royal mummies (D)
  2 great orbs of eyes (D)
  6 wraiths (D)
  Harold (D)
  16 vampire knights (D)
  41 ogres (D)
  7 two-headed ogres (D)
  6 liches (D)
  5 hydras (D)
  7 phantoms (D)
  47 orcs (D)
  7 skeletal warriors (D)
  2 sea snakes (D)
164 creatures vanquished.

Notes
Turn   | Place    | Note
-------+----------+-------------------------------------------
     0 | D        | Found the +∞ Axe of Woe
     0 | D        | Monkooky the Ghoul Warper began the quest for the Orb.
     0 | D        | Reached XP level 1. HP: 17/17 MP: 2/2
     0 | D        | Noticed a bag of meat
     3 | D        | Killed a bag of meat
     4 | D        | Reached skill level 10 in Fighting
     4 | D        | Reached XP level 2. HP: 38/38 MP: 2/11
     4 | D        | Reached XP level 3. HP: 45/45 MP: 2/12
     4 | D        | Reached XP level 4. HP: 51/51 MP: 2/14
     4 | D        | Reached XP level 5. HP: 58/58 MP: 2/15
     4 | D        | Reached XP level 6. HP: 66/66 MP: 2/17
     4 | D        | Reached XP level 7. HP: 72/72 MP: 2/18
     4 | D        | Reached XP level 8. HP: 79/79 MP: 2/20
     4 | D        | Reached XP level 9. HP: 85/85 MP: 2/21
     4 | D        | Reached XP level 10. HP: 93/93 MP: 2/22
     4 | D        | Reached XP level 11. HP: 99/99 MP: 2/23
     5 | D        | Noticed a bag of meat
     6 | D        | Noticed a bag of meat
     6 | D        | Noticed a bag of meat
     8 | D        | Noticed a meat berserker
     9 | D        | Noticed a bag of meat
    10 | D        | Learned a level 4 spell: Manifold Assault
    10 | D        | Noticed a meat berserker
    12 | D        | Noticed a bag of meat
    14 | D        | Learned a level 3 spell: Vhi's Electric Charge
    14 | D        | Killed a meat berserker
    15 | D        | Reached XP level 12. HP: 122/122 MP: 3/24
    15 | D        | Killed a meat berserker
    15 | D        | Killed a bag of meat
    16 | D        | Reached skill level 15 in Dodging
    16 | D        | Reached XP level 13. HP: 137/137 MP: 3/25
    16 | D        | Reached XP level 14. HP: 146/146 MP: 3/26
    16 | D        | Killed a bag of meat
    17 | D        | Killed a bag of meat
    18 | D        | Killed a bag of meat
    18 | D        | Noticed a meat berserker
    19 | D        | Reached XP level 15. HP: 158/158 MP: 3/27
    19 | D        | Noticed a destroyer
    21 | D        | Noticed a meat berserker
    23 | D        | Noticed a large bag of meat
    23 | D        | Noticed a large bag of meat
    23 | D        | Noticed a meat berserker
    24 | D        | Noticed a large bag of meat
    25 | D        | Noticed a destroyer
    25 | D        | Noticed a destroyer
    26 | D        | Noticed a meat berserker
    26 | D        | Killed a large bag of meat
    28 | D        | Killed a destroyer
    28 | D        | Killed a destroyer
    29 | D        | Reached skill level 27 in Fighting
    29 | D        | Reached skill level 27 in Axes
    29 | D        | Reached XP level 16. HP: 76/183 MP: 5/28
    29 | D        | Noticed a large bag of meat
    30 | D        | Killed a meat berserker
    31 | D        | Reached skill level 27 in Dodging
    31 | D        | Reached XP level 17. HP: 62/191 MP: 5/29
    31 | D        | Killed a meat berserker
    32 | D        | Killed a destroyer
    33 | D        | Reached skill level 15 in Spellcasting
    33 | D        | Reached XP level 18. HP: 78/200 MP: 1/36
    33 | D        | Killed a meat berserker
    34 | D        | Reached skill level 27 in Translocations
    36 | D        | Killed a meat berserker
    37 | D        | Reached XP level 19. HP: 60/207 MP: 2/46
    37 | D        | Noticed a sculptor of flesh
    37 | D        | Became a worshipper of Makhleb the Destroyer
    38 | D        | Noticed a sculptor of flesh
    38 | D        | Killed a large bag of meat
    38 | D        | Killed a large bag of meat
    38 | D        | Reached * piety under Makhleb
    39 | D        | Reached skill level 27 in Spellcasting
    39 | D        | Reached skill level 15 in Invocations
    39 | D        | Noticed a destroyer
    39 | D        | Noticed a sculptor of flesh
    41 | D        | Noticed a sculptor of flesh
    41 | D        | Noticed a meat berserker
    42 | D        | Killed a sculptor of flesh
    44 | D        | Killed a destroyer
    44 | D        | Reached ** piety under Makhleb
    45 | D        | Reached skill level 27 in Invocations
    45 | D        | Reached XP level 20. HP: 36/216 MP: 34/50
    48 | D        | Noticed a destroyer
    48 | D        | Noticed a destroyer
    49 | D        | Reached *** piety under Makhleb
    51 | D        | Killed a meat berserker
    51 | D        | Reached **** piety under Makhleb
    51 | D        | Killed a destroyer
    52 | D        | Reached XP level 21. HP: 202/224 MP: 35/51
    52 | D        | Noticed a meat berserker
    52 | D        | Noticed a meat berserker
    56 | D        | Noticed an accursed
    56 | D        | Killed an accursed
    56 | D        | Reached ***** piety under Makhleb
    56 | D        | Killed a destroyer
    57 | D        | Reached skill level 27 in Throwing
    57 | D        | Reached skill level 27 in Armour
    57 | D        | Noticed a meat berserker
    58 | D        | Reached skill level 5 in Air Magic
    58 | D        | Killed a meat berserker
    59 | D        | Reached skill level 10 in Unarmed Combat
    59 | D        | Reached XP level 22. HP: 233/233 MP: 37/52
    59 | D        | Noticed a large bag of meat
    60 | D        | Noticed a meat beast
    61 | D        | Reached skill level 10 in Maces & Flails
    61 | D        | Reached skill level 10 in Polearms
    61 | D        | Killed a large bag of meat
    61 | D        | Noticed a meat beast
    62 | D        | Reached skill level 15 in Stealth
    62 | D        | Reached skill level 10 in Air Magic
    63 | D        | Noticed a meat beast
    63 | D        | Killed a meat beast
    64 | D        | Reached skill level 15 in Air Magic
    64 | D        | Reached XP level 23. HP: 240/240 MP: 37/53
    64 | D        | Noticed a destroyer
    65 | D        | Noticed a dread
    65 | D        | Killed a meat beast
    65 | D        | Reached ****** piety under Makhleb
    66 | D        | Killed a destroyer
    67 | D        | Reached skill level 27 in Stealth
    67 | D        | Reached XP level 24. HP: 249/249 MP: 38/53
    68 | D        | Reached skill level 27 in Unarmed Combat
    69 | D        | Killed a dread
    70 | D        | Reached skill level 27 in Maces & Flails
    70 | D        | Reached skill level 27 in Polearms
    70 | D        | Noticed a dread
    71 | D        | Reached skill level 27 in Air Magic
    71 | D        | Reached XP level 25. HP: 257/257 MP: 39/53
    71 | D        | Killed a meat beast
    72 | D        | Reached skill level 27 in Staves
    72 | D        | Noticed a dread
    73 | D        | Reached skill level 10 in Short Blades
    73 | D        | Reached skill level 10 in Long Blades
    73 | D        | Reached skill level 10 in Ranged Weapons
    73 | D        | Reached skill level 10 in Shields
    73 | D        | Noticed a destroyer
    73 | D        | Killed a dread
    73 | D        | Noticed a destroyer
    74 | D        | Reached skill level 15 in Short Blades
    74 | D        | Reached skill level 15 in Long Blades
    74 | D        | Reached skill level 15 in Ranged Weapons
    74 | D        | Reached skill level 15 in Shields
    74 | D        | Reached XP level 26. HP: 266/266 MP: 40/53
    74 | D        | Killed a large bag of meat
    74 | D        | Noticed a large bag of meat
    74 | D        | Noticed The Servant
    75 | D        | Killed a destroyer
    75 | D        | Killed The Servant
    76 | D        | Noticed a dread
    78 | D        | Killed a destroyer
    79 | D        | Reached XP level 27. HP: 273/273 MP: 37/53
    79 | D        | Noticed an accursed
    79 | D        | Noticed a dread
    79 | D        | Noticed a destroyer
    81 | D        | Killed a destroyer
    81 | D        | Killed a dread
    81 | D        | Noticed an accursed
    82 | D        | Reached skill level 27 in Short Blades
    82 | D        | Reached skill level 27 in Long Blades
    82 | D        | Reached skill level 27 in Ranged Weapons
    82 | D        | Reached skill level 27 in Shields
    82 | D        | Reached skill level 1 in Conjurations
    82 | D        | Reached skill level 1 in Hexes
    82 | D        | Reached skill level 1 in Summonings
    82 | D        | Reached skill level 1 in Necromancy
    82 | D        | Reached skill level 1 in Transmutations
    82 | D        | Reached skill level 1 in Fire Magic
    82 | D        | Reached skill level 1 in Poison Magic
    82 | D        | Reached skill level 1 in Evocations
    82 | D        | Killed a large bag of meat
    83 | D        | Reached skill level 5 in Conjurations
    83 | D        | Reached skill level 5 in Hexes
    83 | D        | Reached skill level 5 in Summonings
    83 | D        | Reached skill level 5 in Transmutations
    83 | D        | Reached skill level 5 in Fire Magic
    83 | D        | Reached skill level 5 in Evocations
    84 | D        | Killed a dread
    84 | D        | Noticed a tyrant
    85 | D        | Reached skill level 10 in Necromancy
    85 | D        | Reached skill level 10 in Poison Magic
    87 | D        | Killed a dread
    88 | D        | Reached skill level 15 in Necromancy
    88 | D        | Reached skill level 15 in Poison Magic
    89 | D        | Noticed a destroyer
    90 | D        | Reached skill level 15 in Summonings
    90 | D        | Reached skill level 15 in Transmutations
    90 | D        | Reached skill level 15 in Evocations
    90 | D        | Noticed a tyrant
    91 | D        | Reached skill level 15 in Conjurations
    91 | D        | Reached skill level 15 in Hexes
    91 | D        | Reached skill level 15 in Fire Magic
    91 | D        | Killed an accursed
    91 | D        | Killed a destroyer
    93 | D        | Noticed a meat beast
    95 | D        | Killed a tyrant
    96 | D        | Killed an accursed
    96 | D        | Noticed a meat beast
    96 | D        | Noticed a tyrant
    97 | D        | Killed a meat beast
    97 | D        | Noticed an accursed
    97 | D        | Noticed a tyrant
    97 | D        | Noticed a destroyer
    98 | D        | Reached skill level 27 in Ice Magic
    98 | D        | Reached skill level 27 in Earth Magic
    99 | D        | Noticed a dread
    99 | D        | Noticed a destroyer
   100 | D        | Noticed a meat beast
   100 | D        | Killed an accursed
   100 | D        | Killed a tyrant
   101 | D        | Reached skill level 27 in Summonings
   101 | D        | Reached skill level 27 in Necromancy
   101 | D        | Reached skill level 27 in Poison Magic
   101 | D        | Killed a destroyer
   101 | D        | Noticed a meat beast
   102 | D        | Reached skill level 27 in Transmutations
   102 | D        | Reached skill level 27 in Evocations
   102 | D        | Noticed a destroyer
   102 | D        | Noticed an accursed
   103 | D        | Killed a tyrant
   103 | D        | Killed an accursed
   103 | D        | Noticed a tyrant
   104 | D        | Reached skill level 27 in Conjurations
   104 | D        | Reached skill level 27 in Hexes
   104 | D        | Reached skill level 27 in Fire Magic
   104 | D        | Killed a destroyer
   104 | D        | Noticed an accursed
   106 | D        | Killed a destroyer
   106 | D        | Killed a meat beast
   106 | D        | Noticed a meat beast
   106 | D        | Noticed an accursed
   107 | D        | Killed a meat beast
   107 | D        | Noticed a tyrant
   108 | D        | Killed a dread
   110 | D        | Noticed a destroyer
   111 | D        | Killed a destroyer
   113 | D        | Noticed a large bag of meat
   114 | D        | Killed a tyrant
   114 | D        | Noticed a destroyer
   116 | D        | Noticed The Defiler
   116 | D        | Noticed a tyrant
   116 | D        | Killed an accursed
   116 | D        | Killed a destroyer
   117 | D        | Killed an accursed
   119 | D        | Killed The Defiler
   120 | D        | Noticed a fleshlord
   120 | D        | Killed a tyrant
   121 | D        | Killed a tyrant
   122 | D        | Killed a large bag of meat
   123 | D        | Killed a fleshlord
   123 | D        | Killed a meat beast
   123 | D        | Noticed a destroyer
   124 | D        | Noticed a fleshlord
   124 | D        | Noticed a meat beast
   124 | D        | Noticed a dread
   124 | D        | Noticed a fleshlord
   124 | D        | Noticed a meat beast
   124 | D        | Noticed a tyrant
   125 | D        | Killed a meat beast
   125 | D        | Killed from afar by a tyrant

Illustrated notes

Levels and vault maps discovered:
D:        meatsprint

Skill      XL: |  1  2  3  4  5  6  7  8  9 10 11 12 13 14 15 16 17 18 19 20 21 22 23 24 25 26 27 |
---------------+----------------------------------------------------------------------------------+-----
Fighting       | 10 16 19 21 27 | 27.0
Axes           | 8 13 19 23 27 | 27.0
Throwing       | 3 18 27 | 27.0
Armour         | 3 24 27 | 27.0
Dodging        | 8 13 15 17 24 27 | 27.0
Spellcasting   | 9 15 24 27 | 27.0
Translocations | 16 17 25 27 | 27.0
Invocations    | 27 | 27.0
Maces & Flails | 9 16 22 27 | 27.0
Polearms       | 9 16 22 27 | 27.0
Stealth        | 11 21 27 | 27.0
Unarmed Combat | 10 19 25 27 | 27.0
Air Magic      | 8 15 20 27 | 27.0
Staves         | 17 27 | 27.0
Short Blades   | 15 23 27 | 27.0
Long Blades    | 15 23 27 | 27.0
Ranged Weapons | 15 23 27 | 27.0
Shields        | 15 23 27 | 27.0
Conjurations   | 27 | 27.0
Hexes          | 27 | 27.0
Summonings     | 27 | 27.0
Necromancy     | 27 | 27.0
Transmutations | 27 | 27.0
Fire Magic     | 27 | 27.0
Ice Magic      | 27 | 27.0
Earth Magic    | 27 | 27.0
Poison Magic   | 27 | 27.0
Evocations     | 27 | 27.0

Action                     |  1- 3 |  4- 6 |  7- 9 | 10-12 | 13-15 | 16-18 | 19-21 | 22-24 | 25-27 || total
---------------------------+-------+-------+-------+-------+-------+-------+-------+-------+-------++-------
  Melee: Executioner's axe |     1 |       |       |     2 |     6 |     8 |    12 |     9 |    86 ||   124
  Throw: Boomerang         |       |       |       |       |       |       |     1 |       |       ||     1
   Cast: Manifold Assault  |       |       |       |       |       |     1 |       |       |    13 ||    14
    Use: Potion            |       |       |       |     1 |       |       |     2 |       |     1 ||     4
 Armour: Leather armour    |       |       |       |       |       |       |       |       |     2 ||     2
  Dodge: Dodged            |       |       |       |       |       |       |       |       |     5 ||     5

Table legend: (Time is in decaauts)
 A = Elapsed time spent in this place.
 B = Non-inter-level travel time spent in this place.
 C = Inter-level travel time spent in this place.
 D = Time resting spent in this place.
 E = Time spent auto-exploring this place.
 F = Levels seen in this place.
 G = Mean time per level.
                   A        B        C        D        E       F      G
               +--------+--------+--------+--------+--------+-----+--------+
         Total |     92 |     92 |      0 |      0 |      0 |   1 |   92.0 |
       Dungeon |     92 |     92 |      0 |      0 |      0 |   1 |   92.0 |
               +--------+--------+--------+--------+--------+-----+--------+

Top non-repeatable levels by time:
       D: 92 daAuts
